 Dungeon Crawl Stone Soup version 0.29.1-15-g9cfb28693d (webtiles) character file.

Game seed: 11363245914459093022

959 EarthwalkerPL the Covered (level 7, -1/64 HPs)
             Began as a Minotaur Fighter on May 2, 2023.
             Was a Follower of Okawaru.
             Slain by Duvessa
             ... wielding a +0 short sword
              (3 damage)
             ... on level 5 of the Dungeon.
             The game lasted 00:04:17 (4396 turns).

EarthwalkerPL the Covered (Minotaur Fighter)        Turns: 4396, Time: 00:04:18

Health: -1/64      AC:  9    Str: 22    XL:     7   Next: 91%
Magic:  6/6        EV:  9    Int:  5    God:    Okawaru [*.....]
Gold:   348        SH:  5    Dex: 16    Spells: 6/6 levels left

rFire   . . .      SeeInvis .   a - +0 war axe
rCold   . . .      Faith    .   c - +0 buckler
rNeg    . . .      Spirit   .   b - +0 scale mail
rPois   .          Reflect  .   (helmet restricted)
rElec   .          Harm     .   (no cloak)
rCorr   .          Rampage  .   j - +0 pair of gloves
Will    .....                   (no boots)
Stlth   ..........              (no amulet)
HPRegen 0.20/turn               q - +6 ring of dexterity
MPRegen 0.10/turn               (no ring)

@: no status effects
A: horns 2, retaliatory headbutt
a: Renounce Religion, Heroism


You were on level 5 of the Dungeon.
You worshipped Okawaru.
Okawaru was aware of your devotion.
You visited 2 branches of the dungeon, and saw 6 of its levels.

You collected 348 gold pieces.

Inventory:

Hand Weapons
 a - a +0 war axe (weapon)
Missiles
 y - 5 atropa-tipped darts (quivered)
 B - 2 poisoned darts
Armour
 b - a +0 scale mail (worn)
 c - a +0 buckler (worn)
 j - a +0 pair of gloves (worn)
Jewellery
 q - a +6 ring of dexterity (left hand)
Wands
 s - a wand of mindburst (10)
Scrolls
 e - 4 scrolls of enchant weapon {unknown}
 g - a scroll of enchant armour {unknown}
 h - 2 scrolls of magic mapping {unknown}
 l - 2 scrolls of amnesia {unknown}
 m - a scroll of identify {unknown}
 n - 5 scrolls of teleportation {unknown}
 u - 4 scrolls of fear {unknown}
 v - a scroll of poison {unknown}
 w - a scroll of blinking {unknown}
Potions
 d - 2 potions of might
 f - 2 potions of attraction {unknown}
 i - a potion of berserk rage {unknown}
 k - 2 potions of heal wounds {unknown}
 o - a potion of mutation {unknown}
 p - 2 potions of resistance
 r - a potion of curing {unknown}
 t - 2 potions of lignification {unknown}
 x - a potion of brilliance {unknown}
 z - a potion of magic {unknown}
 A - a potion of ambrosia {unknown}


   Skills:
 * Level 6.8 Fighting
 * Level 6.3 Axes
 * Level 6.8 Armour
 + Level 5.4 Shields


You had 6 spell levels left.
You didn't know any spells.
Your spell library contained the following spells:

 Spells                   Type           Power      Damage    Failure   Level
 Blink                    Tloc           0%         N/A       94%         2
 Poisonous Vapours        Pois/Air       0%         N/A       94%         2
 Lesser Beckoning         Tloc           0%         N/A       99%         3
 Corpse Rot               Necr/Pois/Air  0%         N/A       100%        4
 Manifold Assault         Tloc           0%         N/A       100%        5


Dungeon Overview and Level Annotations

Branches:
Dungeon (5/15)             Temple (1/1) D:5

Altars:
Cheibriados
Dithmenos
Elyvilon
Hepliaklqana
Kikubaaqudgha
Okawaru
Qazlal
Ru
Sif Muna
Wu Jian
Yredelemnul
Zin
The Shining One
Lugonu

Shops:
D:1 (

Annotations:
D:5 1 runed translucent door, Crazy Yiuf, Duvessa


Innate Abilities, Weirdness & Mutations

You have a pair of horns on your head.
You reflexively headbutt those who attack you in melee.


Message History

You resist with some effort. Dowan barely misses you. You furiously retaliate!
You headbutt Dowan. Duvessa hits you with a +0 short sword.
You hit Duvessa but do no damage. You headbutt Duvessa!
Duvessa is heavily wounded.
You slash Dowan! Duvessa hits you with a +0 short sword.
Dowan casts a spell at you. The puff of frost hits you!
You slash Dowan!
Dowan is almost dead.
You slash Duvessa! You block Duvessa's attack.
Dowan gestures at you while chanting. The puff of flame hits you!
You are too injured to fight recklessly!
You are too injured to fight recklessly!
Unknown command.
You barely miss Duvessa. Your headbutt misses Duvessa.
Duvessa is severely wounded.
You slash Dowan!
You kill Dowan!
Okawaru accepts your kill.
Duvessa weeps, and shakes her weapon.
Duvessa goes berserk!
Duvessa hits you with a +0 short sword! Duvessa hits you with a +0 short sword.
You hit Duvessa but do no damage. You headbutt Duvessa!
Duvessa is almost dead.
Duvessa hits you with a +0 short sword!
* * * LOW HITPOINT WARNING * * *
Duvessa hits you but does no damage.
Unknown command.
You hit Duvessa but do no damage.
Duvessa is almost dead.
Duvessa hits you with a +0 short sword.
* * * LOW HITPOINT WARNING * * *
Duvessa hits you with a +0 short sword.
* * * LOW HITPOINT WARNING * * *
Unknown command.
You closely miss Duvessa.
Duvessa is almost dead.
Duvessa hits you with a +0 short sword.
You die...

.......#######......#'##'#.......
....#####....#####.....#.######+#
....#............#.....#.........
....'............+.....#.........
....#####....##..#.....##+######'
###....##........................
#....#..#######................
#....#..#⌠...)#................
#....#..#8...e@................
###....#..#⌠....#................
.......#..##+#+##.###'#########..
.......#..# #...#.........#..
.......#..# #...#.........#..
.......#..#######...#.........+..
.......#...........###...######..
.......#....##..##.###....#......
.......#'#####...#...............


You could see Duvessa (berserk).

Vanquished Creatures
  2 water moccasins (D:5)
  An ogre (D:5)
  3 phantoms
  A scorpion (D:4)
  Dowan (D:5)
  2 orc priests
  A jelly (D:5)
  A hound (D:4)
  Ijyb (D:3)
  An iguana (D:5)
  4 gnolls (D:5)
  6 adders
  An ufetubus (D:5)
  A worm (D:2)
  A dart slug (D:1)
  8 orcs
  4 ball pythons
  2 endoplasms
  2 giant cockroaches (D:4)
  8 goblins
  4 hobgoblins
  7 jackals
  5 kobolds
  4 quokkas
  A bat (D:1)
  2 frilled lizards (D:2)
  6 rats
80 creatures vanquished.

Notes
Turn   | Place    | Note
-------+----------+-------------------------------------------
     0 | D:1      | EarthwalkerPL the Minotaur Fighter began the quest for the
                  | Orb.
     0 | D:1      | Reached XP level 1. HP: 19/19 MP: 0/0
   336 | D:1      | Found Ogaduyh's Antique Weapon Shoppe.
   367 | D:1      | Reached XP level 2. HP: 27/27 MP: 1/1
   695 | D:2      | Reached XP level 3. HP: 23/33 MP: 2/2
   885 | D:2      | Found a snail-covered altar of Cheibriados.
  1643 | D:3      | Found an ancient bone altar of Kikubaaqudgha.
  1723 | D:3      | Noticed a phantom
  1727 | D:3      | Killed a phantom
  1728 | D:3      | Reached XP level 4. HP: 35/41 MP: 3/3
  1852 | D:3      | Noticed Ijyb
  1865 | D:3      | Killed Ijyb
  1866 | D:3      | Reached XP level 5. HP: 27/47 MP: 4/4
  1871 | D:3      | Reached skill level 5 in Fighting
  1871 | D:3      | Reached skill level 5 in Armour
  1996 | D:3      | Identified the +4 long sword of Subterfuge {elec, Drain rN+
                  | SInv}
  2455 | D:4      | Reached XP level 6. HP: 56/56 MP: 5/5
  2478 | D:4      | Found a hazy altar of Hepliaklqana.
  2586 | D:4      | Found an ornate altar of the Wu Jian Council.
  2735 | D:4      | Found a shimmering blue altar of Sif Muna.
  2908 | D:4      | Reached skill level 5 in Axes
  3148 | D:5      | Entered Level 5 of the Dungeon
  3259 | D:5      | Found a staircase to the Ecumenical Temple.
  3265 | Temple   | Entered the Ecumenical Temple
  3368 | Temple   | Became a worshipper of Warmaster Okawaru
  3538 | D:5      | Noticed a water moccasin
  3545 | D:5      | Killed a water moccasin
  3546 | D:5      | Reached skill level 5 in Shields
  3546 | D:5      | Reached XP level 7. HP: 51/63 MP: 6/6
  3929 | D:5      | Reached * piety under Okawaru
  4220 | D:5      | Found a runed translucent door.
  4221 | D:5      | Noticed Crazy Yiuf
  4387 | D:5      | Noticed Duvessa
  4387 | D:5      | Noticed Dowan
  4393 | D:5      | Killed Dowan
  4395 | D:5      | HP: 2/64 [Duvessa/+0 short sword (3)]
  4396 | D:5      | Slain by Duvessa

Illustrated notes

Levels and vault maps discovered:
D:1:      evilmike_arrival_fibonacci_small, layout_loops_ring, serial_shops,
          shop_fountains
D:2:      layout_basic, basic_altar, minmay_tetromino_l2
D:3:      layout_loops_ring, nicolae_kikubaaqudgha_miasma_corner, uniq_ijyb
D:4:      layout_cave_pools, mainiacjoe_overflow_catwalk, old_standard_altar,
          mainiacjoe_overflow_cross_hatched
D:5:      dreamdust_elfheim, layout_gridville, minmay_temple_entry_waves,
          uniq_crazy_yiuf_cottage, uniq_duvessa
Temple:   kb_corrupted_temple

Skill      XL: |  1  2  3  4  5  6  7 |
---------------+----------------------+-----
Fighting       | 4 5 6 |  6.8
Armour         | 4 5 6 |  6.8
Axes           | 3 4 5 6 |  6.3
Shields        | 4 5 |  5.4

Action                   |  1- 3 |  4- 6 |  7- 9 || total
-------------------------+-------+-------+-------++-------
Melee: War axe           |    65 |    86 |    43 ||   194
       Headbutt          |    10 |    10 |     9 ||    29
Armor: Scale mail        |    23 |    38 |    25 ||    86
Dodge: Dodged            |    34 |    33 |    22 ||    89
Block: Buckler           |    15 |    18 |     6 ||    39
